 Dungeon Crawl Stone Soup version 0.23.2 (webtiles) character file.

Game seed: 10854098536389611520

39155 Borgoz the Slicer (level 14, -8/88 HPs)
             Began as a Kobold Gladiator on Apr 12, 2019.
             Was a Priest of Ashenzari.
             Mangled by a black mamba (11 damage)
             ... on level 6 of the Lair of Beasts.
             The game lasted 00:51:33 (21468 turns).

Borgoz the Slicer (Kobold Gladiator)               Turns: 21468, Time: 00:51:34

Health: -8/88      AC: 25    Str: 19    XL:     14   Next: 38%
Magic:  0/21       EV: 18    Int:  9    God:    Ashenzari [***...]
Gold:   1214       SH:  0    Dex: 19    Spells: 19/23 levels left

rFire    + + .     SeeInvis +   b - +8 short sword of Eternal Vigilance {pierce, +Inv rC+}
rCold    + + +     Gourm    .   (shield restricted)
rNeg     . . .     Faith    .   m - +8 chain mail "Vivee" {rF+ Str+5 Dex-3}
rPois    +         Spirit   +   c - +1 helmet
rElec    .         Reflect  .   u - scarf {rC+ rF+}
rCorr    .         Harm     .   I - +0 pair of gloves
MR       ++...                  T - +0 pair of boots
Stlth    +.........             i - amulet of guardian spirit
HPRegen  0.24/turn              J - +3 ring of dexterity
MPRegen  0.17/turn              s - ring of poison resistance

@: lethally poisoned (-8 -> -18), studying Earth Magic
A: small, carnivore, cold resistance 1, magic resistance 1, wild magic 1,
MP-powered wands
a: Curse Item, Scrying, Renounce Religion, Evoke Invisibility


You were on level 6 of the Lair of Beasts.
You worshipped Ashenzari.
Ashenzari was most pleased with you.
You were completely stuffed.

You visited 3 branches of the dungeon, and saw 18 of its levels.
You also visited: Ice Cave.

You collected 1214 gold pieces.

Inventory:

Hand Weapons
 a - a +5 quick blade of venom
 b - the +8 short sword of Eternal Vigilance (weapon) {pierce, +Inv rC+}
   (You found it on level 1 of the Lair of Beasts)

   It inflicts extra damage upon your enemies.
   It protects you from cold.
   It lets you turn invisible.
 H - a +0 rapier
Armour
 c - a +1 helmet (worn)
 m - the +8 chain mail "Vivee" (worn) {rF+ Str+5 Dex-3}
   (You found it on level 6 of the Dungeon)

   It affects your strength (+5).
   It affects your dexterity (-3).
   It protects you from fire.
 r - a scarf of cloud immunity
 t - the +3 leather armour of a ziggurat {rF+ rCorr Int-2}
   (You found it on level 4 of the Dungeon)

   It affects your intelligence (-2).
   It protects you from fire.
   It provides partial protection from all sources of acid and corrosion.
 u - a scarf of resistance (worn)
 I - a +0 pair of gloves (worn)
 P - the +2 leather armour of Resonance {rC- MR++ Regen+ SInv}
   (You found it on level 5 of the Lair of Beasts)

   It makes you vulnerable to cold.
   It affects your resistance to hostile enchantments.
   It lets you see invisible.
   It increases your rate of regeneration.
 Q - the +1 robe of Acvag {*Slow rC+ rCorr}
   (You found it on level 1 of the Lair of Beasts)

   It protects you from cold.
   It provides partial protection from all sources of acid and corrosion.
   It may slow you when you take damage.
 T - a +0 pair of boots (worn)
Jewellery
 g - an uncursed amulet of magic regeneration
 i - an amulet of guardian spirit (around neck)
 j - an uncursed ring of wizardry
 l - a +3 ring of intelligence
 o - an uncursed ring of ice
 s - a ring of poison resistance (right hand)
 v - an uncursed amulet of regeneration
 C - an uncursed amulet of harm
 E - an uncursed ring of resist corrosion
 J - a +3 ring of dexterity (left hand)
Wands
 d - a wand of iceblast (30)
 k - a wand of acid (5)
 n - a wand of polymorph (10)
 y - a wand of flame (32)
 F - a wand of scattershot (4)
Scrolls
 e - 3 scrolls of enchant armour
 h - 5 scrolls of enchant weapon
 p - 2 scrolls of amnesia
 q - 2 scrolls of magic mapping
 x - 3 scrolls of fog
 A - 2 scrolls of teleportation
 B - 3 scrolls of remove curse
 U - a scroll of summoning
Potions
 z - 2 potions of resistance
 D - a potion of flight
 G - a potion of might
 L - 3 potions of agility
 M - a potion of curing
 N - a potion of cancellation
 S - a potion of brilliance
 V - 2 potions of invisibility
Books
 w - a manual of Earth Magic
Comestibles
 f - 31 rations


   Skills:
 + Level 10.3 Fighting
 + Level 12.3 Short Blades
 - Level 2.1 Throwing
 * Level 10.2 Armour
 + Level 11.3 Dodging
 + Level 8.8 Stealth
 - Level 5.0 Spellcasting
 + Level 8.7 Hexes
 + Level 7.9 Evocations


You had 19 spell levels left.
You knew the following spells:

 Your Spells              Type           Power        Failure   Level  Hunger
a - Confusing Touch       Hex            ###...       9%          1    #......
b - Confuse               Hex            ###.....     22%         3    ###....

Your spell library contained the following spells:

 Spells                   Type           Power        Failure   Level  Hunger
 Freeze                   Ice            #...         92%         1    #......
 Shock                    Conj/Air       #...         92%         1    #......
 Blink                    Tloc           N/A          98%         2    ##.....
 Shroud of Golubria       Chrm/Tloc      #.........   98%         2    ##.....
 Throw Frost              Conj/Ice       #.....       98%         2    ##.....
 Gell's Gravitas          Tloc           #.........   100%        3    ###....
 Ozocubu's Armour         Chrm/Ice       #.......     100%        3    ###....
 Petrify                  Tmut/Erth      #.......     100%        4    #####..
 Summon Ice Beast         Ice/Summ       #.......     100%        4    #####..
 Throw Icicle             Conj/Ice       #.......     100%        4    #####..
 Bolt of Draining         Conj/Necr      #.........   100%        5    ######.
 Metabolic Englaciation   Hex/Ice        ##........   100%        5    ######.
 Yara's Violent Unravell  Hex/Tmut       ##........   100%        5    ######.
 Bolt of Cold             Conj/Ice       #.........   100%        6    #######


Dungeon Overview and Level Annotations

Branches:
Dungeon (11/15)            Temple (1/1) D:4            Lair (6/6) D:8
  Swamp (0/4) Lair:2        Snake (0/4) Lair:2        Slime (0/5) Lair:5
    Orc: D:9-12

Altars:
Ashenzari
Cheibriados
Dithmenos
Elyvilon
Fedhas
Gozag
Hepliaklqana
Kikubaaqudgha
Makhleb
Nemelex Xobeh
Okawaru
Qazlal
Ru
Sif Muna
Trog
Uskayaw
Vehumet
Wu Jian
Xom
Yredelemnul
Zin
The Shining One
Jiyva

Shops:
D:9 =

Portals:
Trove: D:10 (give 10 potions of heal wounds)


Innate Abilities, Weirdness & Mutations

You are small and have problems with some larger weapons.
You are carnivorous and can eat meat at any time.
Your flesh is cold resistant. (rC+)
You are resistant to hostile enchantments. (MR+)
Your spells are a little harder to cast, but a little more powerful.
You expend magic power (3 MP) to strengthen your wands.


Message History

The alligator bites the black mamba!
The alligator misses the black mamba.
You puncture the alligator!
The alligator is moderately wounded.
The black mamba barely misses you. The alligator bites you!!
* * * LOW HITPOINT WARNING * * *
The alligator tail-slaps you but does no damage.
Unknown command.
You feel better. The black mamba bites you.
* * * LOW HITPOINT WARNING * * *
You are lethally poisoned!
The black mamba poisons you! The alligator misses you.
The alligator tail-slaps you but does no damage.
The black mamba bites you but does no damage.
Okay, then.
As you read the scroll labeled EMICYOWKOSH, it crumbles to dust.
The creatures around you are filled with an inner flame!
It was a scroll of immolation.
* * * LOW HITPOINT WARNING * * *
You feel sick. The black mamba bites you!
You die...

, , #...?#.## ,
###..PP...## ...,,,
##..........# .. ,
##..#.......P#.# .#..,*
#.PP.#...<....#* ....# *#*
#..P..........#*
.....##.###..............#
.......##.P...#St..#...###
...........t.###@.....##
.#.#.#.#.#.#######.....#
......†.†....P# ......#
.#............# *#....##
#...≈####S..## *P. ....*
#...# *#...#{ *, ,,.P
#...** ≈..## ,* . * #... ,
.... , , ,, #... , .#... ,
,


You could see an alligator (inner flame) and a black mamba (inner flame).

Vanquished Creatures
  Gastronok (Lair:3)
  6 hydras
  Erica (D:10)
  2 two-headed ogres
  The ghost of Paps the Covert, a novice OpFi of Hepliaklqana (D:8)
  Sonja (Lair:3)
  The ghost of Frank the Slasher, a novice OpFi of Makhleb (D:7)
  A necromancer (IceCv)
  5 oklob plants
  An elephant (Lair:6)
  6 black mambas
  An ice statue (IceCv)
  7 spiny frogs
  9 komodo dragons
  10 freezing wraiths (IceCv)
  A guardian mummy (D:10)
  A hornet (Lair:2)
  The ghost of Killmatronix the Ruffian, an amateur CeWn (D:4)
  Prince Ribbit (D:8)
  A bog body (Lair:2)
  6 blink frogs
  7 hippogriffs
  A basilisk (Lair:3)
  2 wyverns (D:8)
  A wraith (D:10)
  31 yaks
  A hungry ghost (D:7)
  Grum (D:8)
  A death yak simulacrum (IceCv)
  An acid dragon (D:11)
  7 water moccasins
  5 porcupines
  A sky beast (D:10)
  A swamp drake (D:8)
  2 black bears
  19 ice beasts
  An orc warrior (D:10)
  7 ogres
  An eye of draining (D:10)
  2 necrophages
  12 crocodiles
  10 wolves
  2 centaurs
  2 big kobolds
  A gnoll sergeant (D:5)
  12 bullfrogs
  A scorpion (D:8)
  9 killer bees
  An elephant simulacrum (IceCv)
  An oklob sapling (D:4)
  9 wights
  2 howler monkeys (D:10)
  2 crimson imps (D:10)
  4 quasits (D:7)
  A draconian simulacrum (IceCv)
  A centaur zombie (D:5)
  3 hounds
  2 jellies
  2 centaur skeletons
  An orc wizard (D:10)
  5 orc priests
  2 bullfrog skeletons
  Terence (D:2)
  2 iguanas
  10 worker ants
  2 spriggan simulacra (IceCv)
  A statue (D:7)
  6 troll simulacra (IceCv)
  2 wolf simulacra (IceCv)
  3 centaur simulacra (IceCv)
  3 hound skeletons
  A howler monkey zombie (D:9)
  A worker ant zombie (D:11)
  Robin (D:4)
  12 adders
  9 gnolls
  4 naga simulacra (IceCv)
  4 ogre simulacra (IceCv)
  3 shadow imps
  12 white imps (IceCv)
  An ooze (D:2)
  An adder zombie (D:9)
  3 worms
  5 leopard geckos
  17 orcs
  15 bats
  3 giant cockroaches
  21 goblins
  6 hobgoblins
  10 jackals
  13 kobolds
  9 quokkas
  3 ball pythons
  8 frilled lizards
  A quokka skeleton (D:4)
  3 rats
  2 plants
439 creatures vanquished.

Vanquished Creatures (others)
  A porcupine (Lair:3)
  A gnoll (D:4)
  26 fungi
  4 plants
32 creatures vanquished.

Grand Total: 471 creatures vanquished

Notes
Turn   | Place    | Note
-------+----------+-------------------------------------------
     0 | D:1      | Borgoz the Kobold Gladiator began the quest for the Orb.
     0 | D:1      | Reached XP level 1. HP: 12/12 MP: 1/1
    99 | D:1      | Reached XP level 2. HP: 13/18 MP: 2/2
   282 | D:1      | Reached skill level 1 in Stealth
   557 | D:1      | Reached XP level 3. HP: 22/22 MP: 3/3
  1071 | D:2      | Noticed Terence
  1082 | D:2      | Killed Terence
  1082 | D:2      | Reached skill level 1 in Armour
  1082 | D:2      | Reached XP level 4. HP: 22/27 MP: 4/4
  1547 | D:2      | Reached XP level 5. HP: 32/32 MP: 5/5
  2844 | D:3      | Reached skill level 5 in Short Blades
  3179 | D:4      | You fall through a shaft for 2 floors!
  3234 | D:6      | Noticed a bullfrog
  3236 | D:6      | Reached XP level 6. HP: 37/37 MP: 6/6
  3251 | D:6      | Reached skill level 5 in Dodging
  3553 | D:6      | Learned a level 1 spell: Confusing Touch
  3557 | D:6      | Learned a level 3 spell: Confuse
  3582 | D:6      | Reached XP level 7. HP: 42/42 MP: 7/7
  3629 | D:6      | Reached skill level 6 in Short Blades
  3629 | D:6      | Reached skill level 1 in Spellcasting
  3629 | D:6      | Reached skill level 1 in Hexes
  3629 | D:6      | HP: 2/43 [bullfrog (2)]
  3925 | D:5      | Entered Level 5 of the Dungeon
  3998 | D:5      | Reached XP level 8. HP: 32/48 MP: 10/10
  4509 | D:5      | Reached skill level 5 in Fighting
  4798 | D:4      | Found a shadowy altar of Dithmenos.
  4985 | D:4      | Found a transporter.
  4986 | D:4      | Found a transporter.
  5039 | D:4      | Noticed Robin
  5070 | D:4      | Killed Robin
  5084 | D:4      | Found a staircase to the Ecumenical Temple.
  5086 | D:4      | Got a smelly leather armour
  5213 | D:4      | Identified the +3 leather armour of a ziggurat {rF+ rCorr
                  | Int-2} (You found it on level 4 of the Dungeon)
  5538 | D:5      | Reached skill level 7 in Short Blades
  5686 | D:5      | Gained mutation: You expend magic power (3 MP) to
                  | strengthen your wands. [potion of mutation]
  5686 | D:5      | Gained mutation: You are resistant to hostile enchantments.
                  | (MR+) [potion of mutation]
  5686 | D:5      | Gained mutation: Your flesh is cold resistant. (rC+)
                  | [potion of mutation]
  5686 | D:5      | Gained mutation: Your spells are a little harder to cast,
                  | but a little more powerful. [potion of mutation]
  5686 | D:5      | HP: 1/49 [gnoll/+3 spear (6)]
  5693 | D:5      | Reached XP level 9. HP: 11/54 MP: 13/13
  6413 | D:6      | Got a faintly glowing chain mail
  6979 | D:7      | Noticed Frank's ghost (novice OpFi)
  7035 | D:7      | Found a transporter.
  7096 | D:7      | Found a transporter.
  7152 | D:7      | Found a radiant altar of Vehumet.
  7427 | D:8      | Found a runed translucent door.
  7429 | D:8      | Noticed Paps's ghost (novice OpFi)
  7860 | D:8      | Noticed Prince Ribbit
  7882 | D:8      | Killed Prince Ribbit
  7882 | D:8      | Reached skill level 8 in Short Blades
  8116 | D:8      | Noticed a two-headed ogre
  8131 | D:8      | Killed a two-headed ogre
  8131 | D:8      | Reached skill level 5 in Armour
  8131 | D:8      | Reached skill level 1 in Evocations
  8131 | D:8      | Reached XP level 10. HP: 26/61 MP: 6/16
  8344 | D:8      | Identified the +8 chain mail "Vivee" {rF+ Str+5 Dex-3} (You
                  | found it on level 6 of the Dungeon)
  8411 | D:8      | Noticed Grum
  8530 | D:8      | Killed Grum
  8600 | D:8      | Noticed a komodo dragon
  8609 | D:8      | Killed a komodo dragon
  8809 | D:8      | Found a staircase to the Lair.
  8853 | D:8      | Noticed a komodo dragon
  8908 | D:8      | Killed a komodo dragon
  9548 | D:4      | Noticed Killmatronix's ghost (amateur CeWn)
  9561 | D:4      | Killed Killmatronix's ghost
  9561 | D:4      | Reached skill level 5 in Hexes
  9789 | Temple   | Entered the Ecumenical Temple
  9798 | Temple   | Became a worshipper of Ashenzari the Shackled
  9964 | D:9      | Reached skill level 9 in Short Blades
  9988 | D:9      | Reached skill level 5 in Spellcasting
  9997 | D:9      | Reached skill level 5 in Stealth
 10189 | D:9      | Reached XP level 11. HP: 62/67 MP: 14/18
 10236 | D:9      | Found Cuyppoust's Jewellery Shoppe.
 10904 | D:10     | Entered Level 10 of the Dungeon
 11246 | D:10     | Found a portal to a secret trove of treasure.
 11448 | D:10     | Noticed a two-headed ogre
 11461 | D:10     | Killed a two-headed ogre
 11714 | D:10     | Identified a scroll of acquirement
 12217 | D:11     | Noticed Erica
 12425 | D:10     | Killed Erica
 12425 | D:10     | Reached skill level 10 in Short Blades
 12425 | D:10     | Reached skill level 5 in Evocations
 13029 | D:11     | Reached XP level 12. HP: 47/74 MP: 6/19
 13275 | D:7      | Killed Frank's ghost
 13359 | D:8      | Killed Paps's ghost
 13494 | Lair:1   | Entered Level 1 of the Lair of Beasts
 13720 | Lair:1   | Noticed a four-headed hydra
 13739 | Lair:1   | Killed a four-headed hydra
 13885 | Lair:1   | Found a burning altar of Makhleb.
 13956 | Lair:1   | Reached * piety under Ashenzari
 14068 | Lair:1   | Identified the +8 short sword of Eternal Vigilance {pierce,
                  | +Inv rC+}
 14203 | Lair:1   | Noticed a six-headed hydra
 14228 | Lair:1   | Killed a six-headed hydra
 14538 | Lair:1   | Got the uncursed robe of Acvag {*Slow rC+ rCorr}
 14850 | Lair:2   | Found a staircase to the Swamp.
 14890 | Lair:2   | Identified the +1 robe of Acvag {*Slow rC+ rCorr} (You
                  | found it on level 1 of the Lair of Beasts)
 14941 | Lair:2   | Reached skill level 11 in Short Blades
 14941 | Lair:2   | Reached skill level 10 in Dodging
 14968 | Lair:2   | Found a staircase to the Snake Pit.
 15307 | Lair:2   | Reached XP level 13. HP: 70/80 MP: 16/20
 15572 | Lair:3   | Noticed Sonja
 15593 | Lair:2   | HP: 4/80 [spiny frog (7)]
 15914 | Lair:3   | Found a frozen archway.
 15921 | IceCv    | Entered an ice cave
 16344 | IceCv    | Reached ** piety under Ashenzari
 17129 | IceCv    | Found an ancient bone altar of Kikubaaqudgha.
 17407 | Lair:3   | Noticed a six-headed hydra
 17456 | Lair:3   | Noticed a five-headed hydra
 17486 | Lair:3   | HP: 6/121 [poisoned by Sonja (curare-tipped needle)]
 17491 | Lair:3   | HP: 4/121 [poisoned by Sonja (curare-tipped needle)]
 17497 | Lair:3   | HP: 4/121 [poisoned by Sonja (curare-tipped needle)]
 17505 | Lair:3   | HP: 4/121 [poisoned by Sonja (curare-tipped needle)]
 17622 | Lair:3   | Killed a six-headed hydra
 17915 | Lair:3   | Noticed Gastronok
 17939 | Lair:3   | Killed Gastronok
 18098 | Lair:3   | Killed a five-headed hydra
 18132 | Lair:3   | Killed Sonja
 19135 | Lair:4   | Reached skill level 10 in Fighting
 19261 | Lair:4   | Noticed a six-headed hydra
 19268 | Lair:4   | Killed a six-headed hydra
 19268 | Lair:4   | Reached skill level 12 in Short Blades
 19633 | Lair:5   | Reached XP level 14. HP: 88/88 MP: 21/21
 19824 | Lair:5   | Found a staircase to the Slime Pits.
 19825 | Lair:5   | Found a viscous altar of Jiyva.
 19849 | Lair:5   | Reached *** piety under Ashenzari
 20427 | Lair:5   | Reached skill level 10 in Armour
 20699 | Lair:5   | Got the uncursed leather armour of Resonance {rC- MR++
                  | Regen+ SInv}
 20702 | Lair:5   | Identified the Compendium of Displaced Conjuration
 21116 | Lair:6   | Entered Level 6 of the Lair of Beasts
 21466 | Lair:6   | HP: 3/88 [alligator (17)]
 21468 | Lair:6   | Mangled by a black mamba

Skill      XL: |  1  2  3  4  5  6  7  8  9 10 11 12 13 14 |
---------------+-------------------------------------------+-----
Stealth        | 1 2 3 5 6 8 |  8.8
Dodging        | 4 5 6 7 8 9 10 11 | 11.3
Armour         | 1 2 3 5 6 7 8 9 10 | 10.2
Fighting       | 3 4 5 6 7 8 9 10 | 10.3
Short Blades   | 5 6 7 8 9 10 11 12 | 12.3
Spellcasting   | 1 3 4 5 |  5.0
Hexes          | 1 2 4 5 6 7 8 |  8.7
Evocations     | 1 3 5 7 |  7.9
Throwing       | |  2.1

Action                   |  1- 3 |  4- 6 |  7- 9 | 10-12 | 13-15 || total
-------------------------+-------+-------+-------+-------+-------++-------
Melee: Rapier            |    96 |   228 |   131 |    86 |       ||   541
       Dagger            |       |       |   325 |   761 |       ||  1086
       Short sword       |       |       |       |   163 |   693 ||   856
       Quick blade       |       |       |       |   143 |       ||   143
Throw: Throwing net      |       |     1 |     4 |       |       ||     5
 Cast: Confusing Touch   |       |       |     1 |    67 |    63 ||   131
Evoke: Wand              |       |       |     5 |     9 |    14 ||    28
  Use: Scroll            |       |     8 |     5 |     9 |    10 ||    32
       Potion            |       |       |     9 |     2 |     6 ||    17
 Stab: Sleeping          |     1 |     5 |     4 |     1 |       ||    11
       Held in net/web   |       |     1 |     3 |       |       ||     4
       Invisible         |       |       |     3 |       |       ||     3
       Distracted        |       |       |     1 |       |       ||     1
       Confused          |       |       |     2 |    63 |    44 ||   109
  Eat: Chunk             |     9 |     8 |    20 |    24 |    21 ||    82
Armor: Leather armour    |    15 |       |    36 |       |       ||    51
       Ring mail         |    16 |    65 |    39 |       |       ||   120
       Skin              |       |       |    10 |       |       ||    10
       Chain mail        |       |       |       |   348 |   345 ||   693
Dodge: Dodged            |   106 |   197 |   294 |   606 |   465 ||  1668
